 Dungeon Crawl Stone Soup version 0.20.1-1-g8b1a95d (webtiles) character file.

59778 letownia2 the Reanimator (level 14, -5/128 (132) HPs)
             Began as a Deep Dwarf Necromancer on Dec 19, 2017.
             Was an Initiate of Gozag.
             Killed from afar by a fire dragon (12 damage)
             ... with a blast of flame
             ... on level 12 of the Dungeon on Dec 20, 2017.
             The game lasted 01:23:53 (21162 turns).

letownia2 the Reanimator (Deep Dwarf Necromancer)  Turns: 21162, Time: 01:23:54

HP:   -5/128 (132)  AC: 18    Str: 15    XL:     14   Next: 54%
MP:   0/36          EV: 12    Int: 18    God:    Gozag
Gold: 1288          SH:  0    Dex: 16    Spells: 22/31 levels left

rFire    + . .     SeeInvis .   F - +3 lajatang of Evisceration {vamp, -Tele rF+ rN+ Dex+3}
rCold    . . .     Gourm    .   (shield currently unavailable)
rNeg     + + .     Faith    .   r - +3 scale mail
rPois    +         Spirit   .   e - +1 helmet
rElec    .         Reflect  .   A - +1 cloak
rCorr    .         Harm     .   C - +0 pair of gloves
MR       ++...     NoTele   +   g - +0 pair of boots
Stlth    +.........             b - amulet of magic regeneration
Regen    0.0/turn               B - ring of magical power
MPRegen  0.4/turn               N - ring of poison resistance

@: non-regenerating
A: damage resistance, heal wounds, negative energy resistance 1, sense
surroundings 2, no regeneration
a: Heal Wounds, Potion Petition, Call Merchant, Bribe Branch, Renounce Religion


You were on level 12 of the Dungeon.
You worshipped Gozag.
Gozag was most pleased with you.
You were very hungry.

You visited 4 branches of the dungeon, and saw 21 of its levels.
You also visited: Labyrinth.

You collected 7732 gold pieces.
You spent 130 gold pieces at shops.
You paid 6314 gold pieces to Gozag.

Inventory:

Hand Weapons
 q - the cursed +1 trident "Imytey" {flame, rC- MR+ SInv Stlth+, unknown}
   (You took it off an orc priest on level 9 of the Dungeon)

   It has been specially enchanted to burn those struck by it, causing extra
   injury to most foes and up to half again as much damage against particularly
   susceptible opponents.
   It makes you vulnerable to cold.
   It affects your resistance to hostile enchantments.
   It lets you see invisible.
   It makes you more stealthy.
   It has a curse placed upon it.
 t - a +1 shortbow of flaming
 F - the +3 lajatang of Evisceration (weapon) {vamp, -Tele rF+ rN+ Dex+3}
   (You found it on level 11 of the Dungeon)

   It inflicts no extra harm, but heals its wielder when it wounds a living foe.
   It affects your dexterity (+3).
   It protects you from fire.
   It protects you from negative energy.
   It prevents most forms of teleportation.
 R - a +2 vampiric glaive
 T - a +2 battleaxe of chopping
Missiles
 Z - 306 arrows
Armour
 e - a +1 helmet (worn)
 g - a +0 pair of boots (worn)
 h - a +0 chain mail of cold resistance
 k - a +3 ring mail of poison resistance
 r - a +3 scale mail (worn)
 u - a +2 chain mail of fire resistance
 A - a +1 cloak (worn)
 C - a +0 pair of gloves (worn)
Jewellery
 b - an amulet of magic regeneration (around neck)
 w - an uncursed ring of ice
 x - an uncursed ring of ice
 B - a ring of magical power (left hand)
 N - a ring of poison resistance (right hand)
Wands
 c - a wand of flame (13/48)
 y - a wand of acid (10/15)
 J - a wand of iceblast (5/15)
 L - a wand of polymorph (9/24)
 O - a wand of confusion (33/48)
 X - a wand of flame (31/48)
 Y - a wand of random effects (20/48)
Scrolls
 i - 3 scrolls of identify
 j - a scroll of immolation
 l - 7 scrolls of remove curse
 m - 3 scrolls of magic mapping
 D - a scroll of fog
 E - 9 scrolls of teleportation
 G - 2 scrolls of fear
 P - a scroll of silence
 S - 2 scrolls of summoning
Potions
 a - a potion of haste
 f - a potion of magic
 n - a potion of berserk rage
 o - 14 potions of curing
 p - 4 potions of flight
 v - 3 potions of cancellation
 z - 2 potions of brilliance
 H - 3 potions of heal wounds
 I - 4 potions of might
 M - a potion of lignification
 Q - a potion of resistance
 V - 2 potions of ambrosia
Miscellaneous
 U - a fan of gales
Comestibles
 s - 3 meat rations
 W - 17 fruits


   Skills:
 - Level 10.1 Fighting
 + Level 12.3 Axes
 - Level 2.3 Staves
 - Level 8.1 Armour
 - Level 4.7 Dodging
 - Level 2.4 Stealth
 - Level 9.1 Spellcasting
 - Level 3.2 Conjurations
 - Level 13.6 Necromancy
 - Level 5.2 Air Magic
 - Level 2.5 Poison Magic
 - Level 6.5 Evocations


You had 22 spell levels left.
You knew the following spells:

 Your Spells              Type           Power        Failure   Level  Hunger
a - Pain                  Necr           ####         1%          1    None
e - Mephitic Cloud        Conj/Pois/Air  ###.....     19%         3    None
p - Poisonous Vapours     Pois/Air       ###...       9%          2    None
v - Vampiric Draining     Necr           ######....   1%          3    None


Dungeon Overview and Level Annotations

Branches:
Dungeon (12/15)            Temple (1/1) D:5            Lair (6/6) D:9
  Swamp (0/4) Lair:4       Spider (0/4) Lair:4          Orc (2/2) D:11
    Elf (0/3) Orc:2
  Slime: Lair:5-6

Altars:
Ashenzari
Cheibriados
Dithmenos
Elyvilon
Fedhas
Gozag
Hepliaklqana
Kikubaaqudgha
Makhleb
Nemelex Xobeh
Okawaru
Qazlal
Ru
Sif Muna
Trog
Uskayaw
Vehumet
Xom
Yredelemnul
Zin
The Shining One
Beogh

Shops:
D:4 **%=   D:6 (   D:7 *   D:10 (   Orc:2 %}[(=[   Lair:2 [**[*[

Annotations:
D:8 exclusion: two-headed ogre
Lair:1 exclusion: oklob plant


Innate Abilities, Weirdness & Mutations

You are resistant to damage.
You can heal yourself by infusing magical energy.
You resist negative energy. (rN+)
You passively map the area around you.
You do not regenerate.


Message History

* * * LOW HITPOINT WARNING * * *
The fire dragon bites you!
* * * LOW HITPOINT WARNING * * *
The fire dragon claws you.
* * * LOW HITPOINT WARNING * * *
The fire dragon tramples you but does no damage.
Casting: Vampiric Draining
Confirm with . or Enter, or press ? or * to list all spells.
Aiming: Vampiric Draining
Press: ? - help, Shift-Dir - straight line, f/p - fire dragon
Aim: a fire dragon (almost dead, catching its breath)
The fire dragon is almost dead.
You feel life coursing into your body. The sphinx closely misses you.
The sphinx hits you.
* * * LOW HITPOINT WARNING * * *
The sphinx hits you but does no damage. The fire dragon breathes flames at you.
The blast of flame hits you! You resist.
You die...
Your body crumbles into a pile of gold.

##...............##
##.....#..#..#.....#
##...#############(..
###### #...##..#..#
#..##.. .....#
##..##......,,
.HWG##. .....#
#)..#.....# ,#..C5Q#.
.....# #...#...###*
*###...#. .....#
##..#HD## ***#.#.#.
.....# #...#@..#* *
.####
.....#######..###..#
, * ,#.
...........#.## ##.#
,, #.
...........#..###..#
,, , #.
...........#...#...#
, * ##
...).......##..#..##
*,
...........#...#...#
, ,
....########...#...#
,, ....#
#..#.#####.#* , **


You could see a fire dragon and a sphinx.

Vanquished Creatures
  A fire giant (D:12)
  An orc warlord (Orc:2)
  Azrael (D:11)
  Josephine (D:11)
  A minotaur (Lab)
  2 fire dragons (Lair:6)
  Harold (D:11)
  5 hydras
  An ogre mage (D:12)
  Erica (D:10)
  A catoblepas (Lair:5)
  A centaur warrior (D:12)
  A two-headed ogre (D:12)
  A tengu warrior (D:12)
  An orc high priest (Orc:2)
  A shock serpent (shapeshifter) (D:12)
  An unseen horror (D:12)
  A lindwurm (Lair:6)
  3 orc knights
  An orc sorcerer (Orc:2)
  3 ugly things
  2 cyclopes
  A deep elf mage (Orc:2)
  Maurice (D:12)
  An elephant (Lair:5)
  2 gargoyles
  5 spiny frogs
  5 torpor snails (Lair:6)
  2 black mambas
  A freezing wraith (D:12)
  11 rime drakes
  A kobold demonologist (D:12)
  9 komodo dragons
  3 trolls
  10 hornets
  A polar bear (Lair:6)
  4 tyrant leeches (Lair:6)
  8 hippogriffs
  2 redbacks (Lab)
  29 yaks
  A shadow (D:12)
  2 wyverns
  4 wraiths
  2 fire elementals
  A vampire mosquito (D:12)
  6 steam dragons (Lair:6)
  4 wargs
  23 water moccasins
  2 hell hounds
  An acid dragon (D:12)
  6 porcupines
  41 orc warriors
  3 sky beasts
  An eye of draining (D:12)
  3 ice beasts
  15 ogres
  3 black bears
  2 necrophages
  3 phantoms
  14 centaurs
  6 wolves (Lair:2)
  4 crocodiles
  7 big kobolds
  11 bullfrogs
  A gnoll sergeant (D:10)
  A wyvern skeleton (D:10)
  A scorpion (D:9)
  15 killer bees
  5 wights (D:12)
  2 howler monkeys
  5 crimson imps
  A quasit (D:8)
  10 hounds
  25 orc priests
  2 centaur skeletons
  4 jellies
  2 bullfrog skeletons
  3 gnoll shamans (D:10)
  19 orc wizards
  3 iguanas
  2 hell rats (Lair:5)
  9 worker ants
  A hound zombie (D:11)
  A hound skeleton (D:10)
  9 adders
  16 gnolls
  A shadow imp (D:10)
  2 oozes
  3 adder zombies
  3 dart slugs (D:2)
  A worm (D:5)
  5 leopard geckos
  97 orcs
  2 ball pythons
  3 bats
  2 giant cockroaches
  12 goblins
  10 hobgoblins
  9 jackals
  3 quokkas
  7 frilled lizards
  2 goblin zombies (D:8)
  A hobgoblin zombie (D:8)
  A jackal skeleton (D:5)
  22 kobolds
  A kobold skeleton (D:8)
  A kobold zombie (D:8)
  3 orc skeletons (D:8)
  A quokka skeleton (D:6)
  4 rats
  3 plants (D:10)
629 creatures vanquished.

Vanquished Creatures (others)
  An orc (Orc:2)
  A bush (Lair:5)
  13 fungi
  28 plants
43 creatures vanquished.

Grand Total: 672 creatures vanquished

Notes
Turn   | Place    | Note
-------+----------+-------------------------------------------
     0 | D:1      | letownia2 the Deep Dwarf Necromancer began the quest for the Orb.
     0 | D:1      | Reached XP level 1. HP: 15/15 MP: 3/3
   397 | D:4      | Noticed a worker ant
   407 | D:4      | Found Situkipn's Assorted Antiques.
   410 | D:4      | Noticed a worker ant
   448 | D:4      | Killed a worker ant
   448 | D:4      | Reached skill level 5 in Necromancy
   448 | D:4      | Reached XP level 2. HP: 7/22 MP: 1/5
   448 | D:4      | Reached XP level 3. HP: 9/28 MP: 1/6
   484 | D:4      | Learned a level 3 spell: Vampiric Draining
   571 | D:4      | Found Ijigup's Food Shoppe.
   599 | D:4      | Found Xeaxtiy's Jewellery Shop.
   782 | D:4      | Reached skill level 1 in Fighting
   782 | D:4      | Reached XP level 4. HP: 25/38 MP: 0/8
   945 | D:4      | Found Beme's General Store.
   996 | D:4      | Reached XP level 5. HP: 39/44 MP: 5/9
  1228 | D:4      | Reached skill level 6 in Necromancy
  1543 | D:5      | Entered Level 5 of the Dungeon
  1638 | D:5      | Noticed a phantom
  1678 | D:5      | Found a staircase to the Ecumenical Temple.
  1684 | Temple   | Entered the Ecumenical Temple
  1720 | Temple   | Became a worshipper of Gozag Ym Sagoz the Greedy
  1769 | D:5      | Killed a phantom
  1769 | D:5      | Reached skill level 7 in Necromancy
  1769 | D:5      | Reached XP level 6. HP: 36/51 MP: 10/10
  1803 | D:5      | Found a glowing silver altar of Zin.
  1805 | D:5      | Found a stormy altar of Qazlal.
  2015 | D:4      | Bought a potion of lignification for 42 gold pieces
  2222 | D:3      | Found a bloodstained altar of Trog.
  2483 | D:3      | You fall through a shaft for 2 floors!
  2551 | D:5      | Reached skill level 8 in Necromancy
  2774 | D:5      | Found a radiant altar of Vehumet.
  2958 | D:3      | Found a hazy altar of Hepliaklqana.
  2958 | D:3      | Found a shattered altar of Ashenzari.
  2963 | D:3      | Found a shadowy altar of Dithmenos.
  2965 | D:3      | Found a hide-covered altar of Uskayaw.
  2966 | D:3      | Found a sparkling altar of Nemelex Xobeh.
  3126 | D:2      | Found a sparkling altar of Nemelex Xobeh.
  3226 | D:2      | Reached XP level 7. HP: 30/57 MP: 5/11
  3561 | D:2      | Found a blossoming altar of Fedhas.
  4754 | D:2      | You fall through a shaft for 2 floors!
  4817 | D:6      | Got a pitted dagger
  4825 | D:6      | Identified the +0 dagger of Zarily {protect, rPois} (You found it on level 6 of the Dungeon)
  5063 | D:6      | Reached skill level 5 in Spellcasting
  5128 | D:6      | Found Ivywejuh's Antique Weapon Shop.
  5324 | D:7      | Reached XP level 8. HP: 57/64 MP: 4/16
  5656 | D:7      | Found Ziakli's Assorted Antiques.
  5676 | D:7      | Bought a scroll labeled GOCHAU XAUCS for 22 gold pieces
  5676 | D:7      | Bought a scroll labeled TOECAD WIAXZEA for 22 gold pieces
  5676 | D:7      | Bought a scroll labeled GOCHAU XAUCS for 22 gold pieces
  5676 | D:7      | Bought a scroll labeled XECYEF ONINN for 22 gold pieces
  5861 | D:8      | Noticed a hippogriff
  5864 | D:8      | Killed a hippogriff
  5947 | D:8      | Gained mutation: You passively map the area around you. [Deep Dwarf growth]
  5947 | D:8      | Reached XP level 9. HP: 42/70 MP: 17/21
  6097 | D:8      | Found a glowing golden altar of the Shining One.
  6204 | D:8      | Noticed a two-headed ogre
  6228 | D:8      | Found a basalt altar of Yredelemnul.
  6742 | D:8      | Reached skill level 1 in Armour
  7006 | D:9      | Reached skill level 9 in Necromancy
  7062 | D:9      | Reached skill level 10 in Necromancy
  7062 | D:9      | Reached XP level 10. HP: 52/84 MP: 16/23
  7371 | D:9      | Found a staircase to the Lair.
  7436 | D:9      | Reached skill level 1 in Evocations
  7498 | Lair:1   | Entered Level 1 of the Lair of Beasts
  7593 | Lair:1   | Noticed an oklob plant
  7727 | Lair:1   | Reached skill level 5 in Evocations
  7893 | Lair:2   | Reached skill level 11 in Necromancy
  8074 | Lair:1   | Reached skill level 12 in Necromancy
  8282 | D:10     | Entered Level 10 of the Dungeon
  8516 | D:10     | Reached XP level 11. HP: 72/89 MP: 20/24
  8691 | D:10     | Noticed Erica
  8714 | D:10     | Killed Erica
  8714 | D:10     | Reached skill level 5 in Fighting
  8850 | D:10     | Found Atazoxyach's Antique Weapon Emporium.
  9034 | D:10     | Reached skill level 13 in Necromancy
  9739 | D:11     | Noticed a purple ugly thing
  9746 | D:11     | Noticed Harold
 10019 | D:11     | Killed a purple ugly thing
 10029 | D:11     | Got a fine lajatang
 10043 | D:10     | Identified the +3 lajatang of Evisceration {vamp, -Tele rF+ rN+ Dex+3} (You found it on level 11 of the Dungeon)
 10144 | D:11     | Noticed a five-headed hydra
 10514 | D:11     | Killed Harold
 10514 | D:11     | Reached skill level 1 in Staves
 10662 | D:11     | Paralysed by a hornet for 3 turns
 10848 | D:11     | Killed a five-headed hydra
 10915 | D:11     | Found a roughly hewn altar of Beogh.
 10915 | D:11     | Found a staircase to the Orcish Mines.
 11096 | D:11     | Reached XP level 12. HP: 78/105 MP: 25/25
 11382 | D:11     | Reached skill level 5 in Armour
 11552 | Orc:1    | Entered Level 1 of the Orcish Mines
 11803 | Orc:2    | Entered Level 2 of the Orcish Mines
 11849 | D:12     | Noticed Azrael
 11902 | D:12     | Noticed Josephine
 11921 | D:11     | Killed Josephine
 12108 | Lair:2   | Noticed an eight-headed hydra
 12207 | Lair:4   | Found a labyrinth entrance.
 12302 | Lab      | Entered a labyrinth
 12704 | Lab      | Noticed a minotaur
 12720 | Lab      | Killed a minotaur
 12732 | Lab      | Learned a level 2 spell: Poisonous Vapours
 12736 | Lab      | Learned a level 3 spell: Mephitic Cloud
 12895 | Lair:2   | Killed an eight-headed hydra
 12895 | Lair:2   | Reached skill level 1 in Axes
 12895 | Lair:2   | Reached skill level 1 in Conjurations
 12895 | Lair:2   | Reached skill level 1 in Poison Magic
 13167 | Lair:2   | Reached skill level 1 in Air Magic
 14108 | Orc:2    | Found Etuibee's Quality Used Wands.
 14175 | Orc:2    | Found a roughly hewn altar of Beogh.
 14202 | Orc:2    | Found Qawoox's Food Boutique.
 14260 | Orc:2    | Found a roughly hewn altar of Beogh.
 14336 | Orc:2    | Found a staircase to the Elven Halls.
 14515 | D:9      | Got a crystal trident {flame}
 15021 | Orc:2    | Found a roughly hewn altar of Beogh.
 15068 | Orc:2    | Found a roughly hewn altar of Beogh.
 15104 | Orc:2    | Found Dudy's Antique Armour Shop.
 15173 | Orc:2    | Noticed an orc high priest
 15283 | Orc:2    | Found a roughly hewn altar of Beogh.
 15292 | Orc:2    | Found Eqiraesu's Jewellery Boutique.
 15368 | Orc:2    | Killed an orc high priest
 15368 | Orc:2    | Reached XP level 13. HP: 114/114 MP: 26/26
 15537 | Orc:2    | Noticed an orc warlord
 15657 | Orc:2    | Killed an orc warlord
 15754 | Orc:2    | Found Lukli's Antique Armour Boutique.
 15755 | Orc:2    | Found a roughly hewn altar of Beogh.
 15756 | Orc:2    | Found Asiapsa's Antique Weapon Shop.
 16382 | Lair:6   | Entered Level 6 of the Lair of Beasts
 16559 | Lair:5   | Reached skill level 5 in Axes
 16878 | Lair:6   | Reached skill level 5 in Air Magic
 17357 | Lair:6   | Found a runed door.
 17923 | Lair:6   | Noticed a fire dragon
 17936 | Lair:6   | Killed a fire dragon
 18130 | Lair:6   | Gained mutation: You resist negative energy. (rN+) [Deep Dwarf growth]
 18130 | Lair:6   | Reached XP level 14. HP: 107/126 MP: 27/27
 18197 | Lair:6   | Reached skill level 10 in Fighting
 18609 | D:11     | Killed Azrael
 19154 | D:12     | Reached skill level 10 in Axes
 19833 | D:12     | Noticed Maurice
 19852 | D:12     | Killed Maurice
 20095 | D:12     | Noticed a fire giant
 20100 | D:12     | Noticed a frost giant
 20123 | D:12     | Killed a fire giant
 21156 | D:12     | Noticed a sphinx
 21161 | D:12     | HP: 4/128 [fire dragon (3)]
 21162 | D:12     | Killed from afar by a fire dragon

Skill      XL: |  1  2  3  4  5  6  7  8  9 10 11 12 13 14 |
---------------+-------------------------------------------+-----
Spellcasting   | 2 3 5 8 9 |  9.1
Necromancy     | 5 7 8 10 12 13 | 13.6
Fighting       | 1 4 7 8 9 10 | 10.1
Armour         | 2 4 7 8 |  8.1
Evocations     | 6 |  6.5
Staves         | 2 |  2.3
Dodging        | 4 |  4.7
Axes           | 3 8 12 | 12.3
Conjurations   | 3 |  3.2
Poison Magic   | 2 |  2.5
Air Magic      | 3 5 |  5.2
Stealth        | |  2.4

Action                   |  1- 3 |  4- 6 |  7- 9 | 10-12 | 13-15 || total
-------------------------+-------+-------+-------+-------+-------++-------
Melee: Dagger            |    38 |    73 |   239 |   343 |       ||   693
       Lajatang          |       |       |       |   474 |   639 ||  1113
Throw: Tomahawk          |     5 |     8 |    16 |     6 |       ||    35
 Cast: Pain              |    16 |    71 |    94 |    17 |    25 ||   223
       Vampiric Draining |     4 |    13 |    62 |   392 |   282 ||   753
       Mephitic Cloud    |       |       |       |     7 |    22 ||    29
       Poisonous Vapours |       |       |       |     1 |    29 ||    30
Invok: Call Merchant     |       |       |       |     3 |     3 ||     6
Evoke: Wand              |       |       |       |    12 |    26 ||    38
  Use: Scroll            |       |       |     4 |    16 |    12 ||    32
       Potion            |       |       |       |     1 |       ||     1
 Stab: Sleeping          |       |     1 |     3 |     1 |       ||     5
       Paralysed         |       |       |       |     4 |       ||     4
       Distracted        |       |       |       |     4 |     5 ||     9
       Confused          |       |       |       |     5 |    12 ||    17
  Eat: Chunk             |       |     5 |       |       |       ||     5
       Bread ration      |       |     1 |     1 |     2 |       ||     4
       Royal jelly       |       |       |     5 |     4 |     1 ||    10
       Fruit             |       |       |       |    24 |       ||    24
       Meat ration       |       |       |       |     1 |     3 ||     4
Armor: Ring mail         |    19 |    28 |   135 |   274 |       ||   456
       Skin              |       |       |       |    16 |       ||    16
       Chain mail        |       |       |       |   265 |       ||   265
       Scale mail        |       |       |       |    65 |   650 ||   715
Dodge: Dodged            |    28 |    47 |   210 |   725 |   660 ||  1670
